AoeStats
← Charlitos22

Arena

508024794Analyzed
1v1 RM · 13d ago on Sep 20, 2026· 51m 38s· 2 players
Game mode
Random Map
Map size
Tiny (2 player)
Population
200
Speed
Normal
Resources
Standard
Victory
Conquest
Starting age
Dark Age
Ending age
Imperial Age
RankedLock teamsTeams togetherTeam positionsShared explorationLock speedFull tech treeHidden civsTurbo modeCheats
Victory
Defeat
🇨🇱 Aztecs · Chile
708
+15
🇦🇷 Sicilians · Argentina
686
-15
FabricioArg
5:26 Loom
13:35 Feudal Age
15:50 Wheelbarrow
18:33 Castle Age
18:59 Double-Bit Axe
18:58 Horse Collar
21:39 Hand Cart
22:32 Scale Mail Armor
24:18 Chain Mail Armor
27:57 Heavy Plow
29:38 Forging
29:21 Fletching
30:32 Bow Saw
31:30 Iron Casting
34:21 Imperial Age
32:55 Ballistics
32:31 Murder Holes
32:30 Gambesons
32:45 Squires
32:31 Arson
34:35 Capped Ram
35:58 Plate Mail Armor
37:48 Blast Furnace
36:48 Siege Ram
38:01 Elite Serjeant
41:23 Bodkin Arrow
42:24 Crossbowman
44:42 Scale Barding Armor
44:32 Bodkin Arrow
44:38 Padded Archer Armor
44:03 Arbalester
45:52 Man-at-Arms
48:30 Long Swordsman
49:57 Crop Rotation
49:23 Gold Mining
50:17 Two-Handed Swordsman
51:47 Bracer
Charlitos22
11:13 Feudal Age
15:20 Castle Age
13:27 Double-Bit Axe
14:55 Horse Collar
15:53 Town Watch
18:15 Fervor
18:08 Loom
24:15 Wheelbarrow
25:18 Bow Saw
26:07 Stone Mining
26:24 Heavy Plow
29:10 Imperial Age
27:08 Hand Cart
27:15 Hand Cart
26:56 Gold Mining
29:30 Stone Shaft Mining
30:42 Town Patrol
30:38 Fletching
30:34 Elite Jaguar Warrior
30:39 Man-at-Arms
31:46 Forging
32:43 Crop Rotation
32:29 Treadmill Crane
33:10 Ballistics
33:51 Chemistry
35:12 Gold Shaft Mining
36:26 Iron Casting
35:52 Scale Mail Armor
36:44 Garland Wars
36:23 Long Swordsman
36:50 Gambesons
40:58 Capped Ram
43:58 Atlatl
45:07 Blast Furnace
44:22 Chain Mail Armor
44:20 Bodkin Arrow
44:26 Padded Archer Armor
50:23 Siege Ram
Connection lost

Rejoining the realm…

Still unreachable

The connection could not be restored.

Session expired

The server has moved on; the page needs a fresh start.